 Dungeon Sprint DCSS version 0.19-a0-1292-g796ee4d (webtiles) character file.

17467 Kidiri the Unseen (level 12, -4/63 HPs)
             Began as a Spriggan Enchanter on Aug 30, 2016.
             Was the Champion of Dithmenos.
             Splashed by an oklob plant's acid (11 damage)
             ... in the Dungeon (Sprint IV: "Fedhas' Mad Dash").
             The game lasted 00:14:22 (2878 turns).

Kidiri the Unseen (Spriggan Enchanter)              Turns: 2878, Time: 00:14:23

Health: -4/63      AC:  1    Str: 13    XL:     12   Next: 19%
Magic:  30/31      EV: 32    Int: 26    God:    Dithmenos [******]
Gold:   300        SH:  6    Dex: 18    Spells: 7 memorised, 18 levels left

rFire  + . .     SeeInvis +     q - +1 rapier (elec)
rCold  . . .     Gourm    +     v - +0 robe "Kuinystru" {rC+ Str+4 SInv}
rNeg   . . .     Faith    .     y - +0 buckler {AC+3}
rPois  .         Spirit   .     (helmet restricted)
rElec  .         Dismiss  .     (no cloak)
rCorr  .         Reflect  .     (gloves unavailable)
MR     ++...     Harm     .     (boots unavailable)
Stlth  ++++++++++ NoTele   +    x - amulet of the Ancient Wars {Gourm *Corrode Str+5 Int+6}
                                o - ring of wizardry
                                l - ring of fire

@: corroded, wreathed by umbra, very quick
A: unfitting armour, see invisible, herbivore 3, speed 3, slow metabolism 2
a: Shadow Step, Shadow Form, Renounce Religion


You were in the Dungeon.
You worshipped Dithmenos.
Dithmenos was exalted by your worship.
You were not hungry.

You visited 1 branch You collected 525 gold pieces.
You spent 225 gold pieces at shops.

Inventory:

Hand Weapons
 a - a +1 dagger
 q - a +1 rapier of electrocution (weapon)
Armour
 b - a +1 robe
 v - the +0 robe "Kuinystru" (worn) {rC+ Str+4 SInv}
   (You bought it in a shop in the Dungeon)

   It affects your strength (+4).
   It protects you from cold.
   It lets you see invisible.
 y - a +0 buckler of protection (worn)
Jewellery
 k - the amulet of invisibility {+Inv}
   (You found it in the Dungeon)

   [amulet of nothing]

   It lets you turn invisible.
 l - a ring of fire (left hand)
 o - a ring of wizardry (right hand)
 x - the amulet of the Ancient Wars (around neck) {Gourm *Corrode Str+5 Int+6}
   (You found it in the Dungeon)

   [amulet of the gourmand]

   It allows you to eat raw meat even when not hungry.
   It affects your strength (+5).
   It affects your intelligence (+6).
   It may corrode you when you take damage.
Scrolls
 j - a scroll of blinking
 m - a scroll of random uselessness {unknown}
 r - 2 scrolls of remove curse {unknown}
 w - a scroll of identify {unknown}
Potions
 e - 2 potions of curing
 f - a potion of heal wounds
 g - a potion of haste
 h - 2 potions of magic
 i - a potion of berserk rage
 t - a potion of resistance {unknown}
Books
 c - a book of Maledictions

   Spells                             Type                      Level
   a - Corona                         Hexes                        1
   b - Ensorcelled Hibernation        Hexes/Ice                    2
   c - Confuse                        Hexes                        3
   d - Tukima's Dance                 Hexes                        3
   e - Dazzling Spray                 Conjuration/Hexes            3
 p - a book of Death

   Spells                             Type                      Level
   a - Corpse Rot                     Necromancy                   2
   b - Sublimation of Blood           Necromancy                   2
   c - Agony                          Necromancy                   5
   d - Dispel Undead                  Necromancy                   5
   e - Excruciating Wounds            Charms/Necromancy            5
   f - Bolt of Draining               Conjuration/Necromancy       5
 s - a book of Necromancy

   Spells                             Type                      Level
   a - Pain                           Necromancy                   1
   b - Animate Skeleton               Necromancy                   1
   c - Vampiric Draining              Necromancy                   3
   d - Regeneration                   Charms/Necromancy            3
   e - Animate Dead                   Necromancy                   4
   f - Control Undead                 Necromancy                   4
 u - a book of Dreams

   Spells                             Type                      Level
   a - Ensorcelled Hibernation        Hexes/Ice                    2
   b - Silence                        Hexes/Air                    5
   c - Darkness                       Hexes                        6
   d - Shadow Creatures               Summoning                    6
Comestibles
 d - 2 bread rations
 n - 8 royal jellies


   Skills:
 + Level 7.0 Fighting
 * Level 12.7 Short Blades
 + Level 6.4 Armour
 * Level 16.2 Dodging
 * Level 17.5 Stealth
 + Level 1.6 Shields
 * Level 14.0 Spellcasting
 + Level 6.0 Conjurations
 + Level 10.8 Hexes
 + Level 5.8 Necromancy
 + Level 6.9 Ice Magic
 - Level 4.6 Invocations
 - Level 10.0 Evocations


You had 18 spell levels left.
You knew the following spells:

 Your Spells              Type           Power        Failure   Level  Hunger
a - Corona                Hex            ######.      1%          1    None
b - Ensorcelled Hibernat  Hex/Ice        ######       1%          2    None
c - Confuse               Hex            ######..     1%          3    None
d - Tukima's Dance        Hex            ######..     1%          3    None
e - Dazzling Spray        Conj/Hex       ######       1%          3    None
f - Bolt of Draining      Conj/Necr      #####.....   6%          5    ##.....
g - Animate Dead          Necr           N/A          1%          4    None


Dungeon Overview and Level Annotations

Branches:
Dungeon (1/1)

Altars:
Cheibriados
Dithmenos
Elyvilon
Gozag
Hepliaklqana
Kikubaaqudgha
Makhleb
Nemelex Xobeh
Okawaru
Qazlal
Ru
Sif Muna
Trog
Uskayaw
Vehumet
Xom
Yredelemnul
Zin
The Shining One
Beogh
Jiyva
Lugonu

Shops:
D (?}!:[(::*[(![:!*%??}

Annotations:
D exclusion: 3 oklob plants


Innate Abilities, Weirdness & Mutations

You are tiny and cannot use many weapons and most armour.
You have supernaturally acute eyesight. (SInv)
You are a herbivore.
You cover ground extremely quickly.
You need consume almost no food.


Message History

You destroy the oklob plant!
Dithmenos accepts your kill.
Your Fighting skill increases to level 7!
Your Spellcasting skill increases to level 14!
The oklob plant spits acid at you. The splash of acid misses you.
The oklob plant spits acid at you. The splash of acid misses you.
The oklob plant spits acid at you. The splash of acid hits you!
The acid corrodes you!
The acid burns!
You hit the oklob plant but do no damage.
You hit the oklob plant but do no damage.
The oklob plant spits acid at you. The splash of acid hits you!
The acid burns!
* * * LOW HITPOINT WARNING * * *
The oklob plant spits acid at you. The splash of acid hits you!
* * * LOW HITPOINT WARNING * * *
The acid burns!
You die...

......Z.♣.....∩.∩....#
.#####################
## ####### #######
####..P∩∩###....)###
.........##...P..+.#
####P....+......)###
##################
####∩∩∩#..........P.#
....∩.Z+........@...+
####∩∩∩#.........P.P#
##################


You could see 3 oklob plants.

Vanquished Creatures
  Agnes (D)
  A ghost moth (D)
  A spriggan defender (D)
  2 spriggan berserkers (D)
  A spriggan druid (D)
  20 oklob plants (D)
  3 demonic crawlers (D)
  3 burning bushes (D)
  A queen bee (D)
  3 wandering mushrooms (D)
  6 wasps (D)
  2 scorpions (D)
  4 killer bees (D)
  5 oklob saplings (D)
  2 worker ants (D)
  7 spriggans (D)
  A river rat (D)
  A rat (D)
  A ballistomycete (D)
  2 giant spores (D)
67 creatures vanquished.

Vanquished Creatures (collateral kills)
  A spriggan (D)
  A ballistomycete (D)
2 creatures vanquished.

Grand Total: 69 creatures vanquished

Notes
Turn   | Place    | Note
-------+----------+-------------------------------------------
     0 | D        | Kidiri the Spriggan Enchanter began the quest for the Orb.
     0 | D        | Reached XP level 1. HP: 9/9 MP: 5/5
     9 | D        | Reached skill level 5 in Stealth
     9 | D        | Reached XP level 2. HP: 14/14 MP: 7/7
    17 | D        | Learned a level 2 spell: Ensorcelled Hibernation
    23 | D        | Noticed an oklob sapling
    24 | D        | Killed an oklob sapling
    24 | D        | Reached skill level 1 in Fighting
    24 | D        | Reached skill level 1 in Armour
    24 | D        | Reached skill level 6 in Stealth
    24 | D        | Reached XP level 3. HP: 18/18 MP: 7/9
    29 | D        | Learned a level 3 spell: Confuse
    33 | D        | Learned a level 3 spell: Tukima's Dance
    56 | D        | Reached skill level 5 in Dodging
    56 | D        | Reached skill level 1 in Ice Magic
    88 | D        | Found an opulent altar of Gozag.
    88 | D        | Found a hazy altar of Hepliaklqana.
    88 | D        | Found a roughly hewn altar of Beogh.
    88 | D        | Found a snail-covered altar of Cheibriados.
    89 | D        | Found a viscous altar of Jiyva.
    89 | D        | Found a burning altar of Makhleb.
    89 | D        | Found a sparkling altar of Nemelex Xobeh.
    89 | D        | Found a sacrificial altar of Ru.
    89 | D        | Found a deep blue altar of Sif Muna.
    89 | D        | Found a bloodstained altar of Trog.
    89 | D        | Found a shimmering altar of Xom.
    89 | D        | Found a basalt altar of Yredelemnul.
    89 | D        | Noticed an oklob sapling priest
    90 | D        | Found an iron altar of Okawaru.
    90 | D        | Found a shadowy altar of Dithmenos.
    90 | D        | Found a glowing silver altar of Zin.
    91 | D        | Found an ancient bone altar of Kikubaaqudgha.
    91 | D        | Found a hide-covered altar of Uskayaw.
    92 | D        | Found a stormy altar of Qazlal.
    92 | D        | Found a white marble altar of Elyvilon.
    92 | D        | Found a glowing golden altar of the Shining One.
    93 | D        | Found a corrupted altar of Lugonu.
    93 | D        | Found a radiant altar of Vehumet.
    98 | D        | Became a worshipper of Dithmenos the Shadowed
   104 | D        | Killed an oklob sapling priest
   104 | D        | Reached skill level 7 in Stealth
   104 | D        | Reached skill level 5 in Spellcasting
   104 | D        | Reached skill level 1 in Invocations
   104 | D        | Reached skill level 1 in Evocations
   104 | D        | Reached XP level 4. HP: 23/23 MP: 10/12
   115 | D        | Learned a level 3 spell: Dazzling Spray
   248 | D        | Reached XP level 5. HP: 26/26 MP: 12/14
   255 | D        | Reached * piety under Dithmenos
   255 | D        | Reached skill level 5 in Hexes
   257 | D        | Reached skill level 8 in Stealth
   258 | D        | Reached skill level 5 in Short Blades
   258 | D        | Reached skill level 1 in Conjurations
   274 | D        | Found Kuseyrch's Book Shop.
   274 | D        | Found Derhaatu's Armour Emporium.
   328 | D        | Noticed a burning bush
   328 | D        | Noticed a wandering mushroom
   329 | D        | Noticed a wandering mushroom
   334 | D        | Reached ** piety under Dithmenos
   334 | D        | Reached XP level 6. HP: 32/32 MP: 12/16
   589 | D        | Reached skill level 9 in Stealth
   603 | D        | Noticed a queen bee
   608 | D        | Killed a queen bee
   608 | D        | Reached XP level 7. HP: 36/36 MP: 13/19
   609 | D        | Reached skill level 10 in Stealth
   613 | D        | Reached *** piety under Dithmenos
   652 | D        | Noticed an oklob plant
   654 | D        | Killed an oklob plant
   654 | D        | Reached skill level 11 in Stealth
   654 | D        | Reached skill level 5 in Evocations
   654 | D        | Reached XP level 8. HP: 40/40 MP: 19/21
   764 | D        | Killed a wandering mushroom
   764 | D        | Reached skill level 10 in Dodging
  1024 | D        | Killed a burning bush
  1024 | D        | Reached **** piety under Dithmenos
  1235 | D        | Found Difydyos's Magic Scroll Emporium.
  1235 | D        | Found Mogiss's Food Shoppe.
  1348 | D        | Noticed a burning bush
  1351 | D        | Killed a burning bush
  1351 | D        | Reached skill level 12 in Stealth
  1370 | D        | Learned a level 5 spell: Bolt of Draining
  1370 | D        | Noticed a burning bush
  1370 | D        | Noticed an oklob plant
  1371 | D        | Noticed a wandering mushroom
  1372 | D        | Killed a burning bush
  1372 | D        | Reached ***** piety under Dithmenos
  1372 | D        | Reached XP level 9. HP: 45/45 MP: 23/23
  1374 | D        | Killed an oklob plant
  1374 | D        | Reached skill level 10 in Spellcasting
  1374 | D        | Reached skill level 1 in Necromancy
  1375 | D        | Killed a wandering mushroom
  1523 | D        | Noticed a spriggan druid
  1524 | D        | Killed a spriggan druid
  1524 | D        | Reached skill level 13 in Stealth
  1556 | D        | Noticed an oklob plant conjurer
  1557 | D        | Killed an oklob plant conjurer
  1661 | D        | Noticed an oklob plant
  1661 | D        | Noticed an oklob plant summoner
  1662 | D        | Noticed an oklob plant shifter
  1663 | D        | Killed an oklob plant
  1665 | D        | Killed an oklob plant shifter
  1665 | D        | Reached skill level 5 in Fighting
  1665 | D        | Reached XP level 10. HP: 51/51 MP: 18/26
  1667 | D        | Killed an oklob plant summoner
  1667 | D        | Reached skill level 14 in Stealth
  1667 | D        | Reached skill level 5 in Ice Magic
  1673 | D        | Learned a level 4 spell: Animate Dead
  1806 | D        | Reached skill level 10 in Short Blades
  1808 | D        | Noticed a spriggan rider
  1809 | D        | Found Sokhuh's Magic Scroll Emporium.
  1810 | D        | Found Onluev's Gadget Shoppe.
  1820 | D        | Killed a spriggan rider
  1820 | D        | Reached ****** piety under Dithmenos
  1948 | D        | Noticed Agnes
  1949 | D        | Found Madys's Distillery.
  1949 | D        | Found Caudgh's Assorted Antiques.
  1951 | D        | Killed Agnes
  1951 | D        | Reached skill level 5 in Armour
  1951 | D        | Reached skill level 15 in Stealth
  1956 | D        | Noticed a spriggan defender
  1960 | D        | Killed a spriggan defender
  1960 | D        | Reached XP level 11. HP: 56/56 MP: 12/28
  1969 | D        | Bought an ancient robe for 131 gold pieces
  1979 | D        | Identified the +0 robe "Kuinystru" {rC+ Str+4 SInv} (You bought it in a shop in the Dungeon)
  2158 | D        | Noticed a spriggan berserker
  2160 | D        | Killed a spriggan berserker
  2160 | D        | Reached skill level 5 in Conjurations
  2165 | D        | Noticed a spriggan rider
  2167 | D        | Killed a spriggan rider
  2380 | D        | Noticed a ghost moth
  2381 | D        | Found Qinun's Weapon Shoppe.
  2381 | D        | Found Wabitt's Magic Scroll Boutique.
  2381 | D        | Found Haisu's Gadget Emporium.
  2385 | D        | Killed a ghost moth
  2385 | D        | Reached skill level 16 in Stealth
  2457 | D        | Noticed an oklob plant shifter
  2457 | D        | Noticed an oklob plant meteorologist
  2459 | D        | Killed an oklob plant meteorologist
  2459 | D        | Reached skill level 15 in Dodging
  2459 | D        | Reached skill level 10 in Hexes
  2462 | D        | Killed an oklob plant shifter
  2474 | D        | Noticed a spriggan rider
  2475 | D        | Reached skill level 5 in Necromancy
  2585 | D        | Noticed an oklob plant summoner
  2606 | D        | Found Zasif's Antique Weapon Emporium.
  2606 | D        | Found Leidugach's Distillery.
  2607 | D        | Killed an oklob plant summoner
  2618 | D        | Noticed an oklob plant demonologist
  2618 | D        | Noticed an oklob plant annihilator
  2619 | D        | Noticed a spriggan berserker
  2620 | D        | Killed an oklob plant demonologist
  2622 | D        | Killed a spriggan berserker
  2623 | D        | Killed an oklob plant annihilator
  2623 | D        | Reached skill level 10 in Evocations
  2633 | D        | Got a translucent silver amulet
  2635 | D        | Identified the amulet of the Ancient Wars {Gourm *Corrode Str+5 Int+6} (You found it in the Dungeon)
  2828 | D        | Found Efisogol's Book Shoppe.
  2828 | D        | Found Topiu's Antique Armour Boutique.
  2828 | D        | Found Xumpasev's Distillery.
  2828 | D        | Found Solae's Book Emporium.
  2828 | D        | Found Ehios's Weapon Shoppe.
  2829 | D        | Found Xuedenei's Assorted Antiques.
  2829 | D        | Found Foschidi's Antique Armour Shop.
  2829 | D        | Found Jaute's Book Boutique.
  2849 | D        | Bought a runed buckler for 94 gold pieces
  2856 | D        | Noticed an oklob plant
  2856 | D        | Noticed an oklob plant
  2856 | D        | Noticed an oklob plant
  2857 | D        | Noticed an oklob plant
  2857 | D        | Noticed an oklob plant
  2857 | D        | Noticed an oklob plant
  2857 | D        | Noticed an oklob plant
  2858 | D        | Killed an oklob plant
  2859 | D        | Noticed an oklob plant
  2861 | D        | Killed an oklob plant
  2861 | D        | Reached skill level 17 in Stealth
  2862 | D        | Noticed an oklob plant
  2863 | D        | Killed an oklob plant
  2864 | D        | Noticed an oklob plant
  2865 | D        | Killed an oklob plant
  2865 | D        | Reached skill level 1 in Shields
  2865 | D        | Reached XP level 12. HP: 62/62 MP: 30/30
  2878 | D        | Splashed by an oklob plant's acid

Vault maps used:
D:        dungeon_sprint_fedhas

Skill      XL: |  1  2  3  4  5  6  7  8  9 10 11 12 |
---------------+-------------------------------------+-----
Short Blades   | 2 3 4 5 6 7 8 9 11 12 | 12.7
Stealth        | 5 6 7 8 9 11 12 13 15 17 | 17.5
Spellcasting   | 3 4 5 6 7 8 9 11 12 13 14 | 14.0
Fighting       | 1 2 3 4 5 6 7 |  7.0
Armour         | 1 2 3 4 5 6 |  6.4
Dodging        | 4 5 6 7 8 9 11 12 14 15 16 | 16.2
Hexes          | 4 5 6 7 8 9 10 | 10.8
Ice Magic      | 1 2 3 4 5 6 |  6.9
Invocations    | 1 2 3 4 |  4.6
Evocations     | 1 2 3 4 5 6 7 8 10 | 10.0
Conjurations   | 1 2 3 4 5 6 |  6.0
Necromancy     | 2 4 5 |  5.8
Shields        | 1 |  1.6

Action                   |  1- 3 |  4- 6 |  7- 9 | 10-12 || total
-------------------------+-------+-------+-------+-------++-------
Melee: Dagger            |     7 |    17 |    27 |       ||    51
       Rapier            |       |       |     4 |    50 ||    54
 Cast: Corona            |     1 |       |       |       ||     1
       Dazzling Spray    |       |     6 |    10 |     6 ||    22
       Confuse           |       |       |     4 |       ||     4
       Animate Dead      |       |       |       |     9 ||     9
Invok: Shadow Step       |       |     1 |     2 |    10 ||    13
 Abil: Evoke Invisibilit |     1 |     3 |     5 |     3 ||    12
 Stab: Sleeping          |     3 |     7 |    14 |    29 ||    53
       Invisible         |     2 |     1 |     2 |     2 ||     7
       Confused          |       |       |     2 |       ||     2
  Eat: Royal jelly       |       |       |     1 |       ||     1
       Bread ration      |       |       |     1 |       ||     1
Armor: Robe              |       |     1 |       |       ||     1
Dodge: Dodged            |     3 |     5 |    19 |    12 ||    39
